AoeStats
← jhgomez13

Arabia

510633513Analyzed
1v1 RM · 1d ago on Oct 1, 2026· 35m 14s· 2 players
Game mode
Random Map
Map size
Tiny (2 player)
Population
200
Speed
Normal
Resources
Standard
Victory
Conquest
Starting age
Dark Age
Ending age
Imperial Age
RankedLock teamsTeams togetherTeam positionsShared explorationLock speedFull tech treeHidden civsTurbo modeCheats
Victory
Defeat
🇺🇾 Vietnamese · Uruguay
881
+15
🇨🇴 Hindustanis · Colombia
857
-15
jhgomez13
7:19 Loom
11:28 Feudal Age
16:36 Double-Bit Axe
18:58 Fletching
24:45 Castle Age
23:13 Forging
24:31 Scale Mail Armor
24:36 Scale Barding Armor
25:07 Bloodlines
26:06 Iron Casting
25:28 Bodkin Arrow
24:57 Pikeman
25:38 Squires
26:36 Husbandry
28:59 Bow Saw
29:25 Chain Barding Armor
naxo24
7:11 Loom
9:57 Feudal Age
10:25 Double-Bit Axe
13:36 Gold Mining
17:26 Horse Collar
19:12 Wheelbarrow
22:32 Castle Age
20:54 Fletching
21:27 Padded Archer Armor
23:31 Bow Saw
23:26 Heavy Plow
23:38 Squires
24:21 Stone Mining
26:34 Ballistics
26:30 Guard Tower
28:39 Hand Cart
29:12 Town Watch
30:24 Leather Archer Armor
29:56 Crossbowman
31:05 Bodkin Arrow
32:52 Thumb Ring
33:36 Elite Skirmisher
38:23 Imperial Age
Connection lost

Rejoining the realm…

Still unreachable

The connection could not be restored.

Session expired

The server has moved on; the page needs a fresh start.